 Dungeon Crawl Stone Soup version 0.28.0-43-g3370ac3207 (webtiles) character file.

Game seed: 1698002050564334507

9512 Ablot the Thaumaturge (level 11, -3/86 HPs)
             Began as a Gnoll Warper on Mar 19, 2022.
             Was an Elder of Okawaru.
             Slain by a polar bear (14 damage)
             ... in an ice cave.
             The game lasted 00:32:06 (17955 turns).

Ablot the Thaumaturge (Gnoll Warper)               Turns: 17955, Time: 00:32:07

Health: -3/86      AC: 12    Str: 14    XL:     11   Next: 47%
Magic:  23/23      EV: 13    Int: 12    God:    Okawaru [****..]
Gold:   667        SH:  0    Dex:  9    Spells: 13/26 levels left

rFire   + . .      SeeInvis +   L - +5 scimitar
rCold   + + .      Faith    .   (no shield)
rNeg    . . .      Spirit   .   b - +0 leather armour
rPois   +          Reflect  .   M - +0 helmet
rElec   .          Harm     .   a - scarf {rC+ rF+}
rCorr   .          Rampage  .   m - +0 pair of gloves
Will    .....                   u - +1 pair of boots of Adiodorgh {rPois rF+ Dex-4 SInv}
Stlth   +++.......              U - amulet of magic regeneration
HPRegen 0.24/turn               N - +4 ring of protection
MPRegen 0.58/turn               j - ring of ice

@: no status effects
A: fangs 1, strong nose, distributed training
a: Renounce Religion, Heroism, Finesse


You were in an ice cave.
You worshipped Okawaru.
Okawaru was greatly pleased with you.
You visited 2 branches of the dungeon, and saw 12 of its levels.
You also visited: Ice Cave.

You collected 799 gold pieces.
You spent 132 gold pieces at shops.

Inventory:

Hand Weapons
 L - a +5 scimitar (weapon)
 T - a +1 halberd of flaming
Missiles
 d - 5 boomerangs of dispersal
 o - 9 poisoned darts (quivered)
 s - 3 atropa-tipped darts
Armour
 a - a scarf of resistance (worn)
 b - a +0 leather armour (worn)
 m - a +0 pair of gloves (worn)
 u - the +1 pair of boots of Adiodorgh (worn) {rPois rF+ Dex-4 SInv}
   (You found it on level 3 of the Dungeon)

   Dex:       It affects your dexterity (-4).
   rF:        It protects you from fire.
   rPois:     It protects you from poison.
   SInv:      It lets you see invisible.
 M - a +0 helmet (worn)
Jewellery
 j - a ring of ice (right hand)
 t - a +6 ring of strength
 N - a +4 ring of protection (left hand)
 U - an amulet of magic regeneration (around neck)
Wands
 A - a wand of paralysis (11)
 B - a wand of polymorph (8)
 H - a wand of iceblast (12)
Scrolls
 c - a scroll of blinking
 i - 5 scrolls of teleportation
 k - 2 scrolls of fog
 n - 3 scrolls of immolation
 p - 2 scrolls of vulnerability
 C - 3 scrolls of enchant armour
 E - a scroll of fear {unknown}
 I - a scroll of noise {unknown}
 Q - 2 scrolls of enchant weapon {unknown}
 V - a scroll of torment {unknown}
Potions
 e - 2 potions of brilliance
 h - a potion of degeneration {unknown}
 l - 3 potions of magic
 r - 3 potions of heal wounds
 v - a potion of attraction {unknown}
 w - a potion of haste
 x - 4 potions of curing
 z - 2 potions of might
 D - 3 potions of mutation
 F - 3 potions of lignification {unknown}
 J - a potion of flight {unknown}
 K - a potion of cancellation {unknown}
 W - a potion of ambrosia {unknown}


   Skills:
 + Level 7.9 Fighting
 + Level 6.3 Short Blades
 + Level 6.3 Long Blades
 + Level 6.3 Axes
 + Level 6.3 Maces & Flails
 + Level 7.9 Polearms
 + Level 6.3 Staves
 + Level 6.3 Slings
 + Level 6.3 Bows
 + Level 6.3 Crossbows
 + Level 6.9 Throwing
 + Level 6.9 Armour
 + Level 7.9 Dodging
 + Level 6.3 Stealth
 + Level 6.3 Shields
 + Level 6.3 Unarmed Combat
 + Level 8.1 Spellcasting
 + Level 5.2 Conjurations
 + Level 5.2 Hexes
 + Level 5.2 Summonings
 + Level 5.2 Necromancy
 + Level 7.7 Translocations
 + Level 5.2 Transmutations
 + Level 5.2 Fire Magic
 + Level 5.2 Ice Magic
 + Level 5.2 Air Magic
 + Level 5.2 Earth Magic
 + Level 5.2 Poison Magic
 + Level 6.9 Invocations
 + Level 6.3 Evocations


You had 13 spell levels left.
You knew the following spells:

 Your Spells              Type           Power      Damage    Failure   Level
a - Blink                 Tloc           46%        N/A       1%          2
b - Wereblood             Tmut           17%        N/A       3%          2
c - Gell's Gravitas       Tloc           23%        N/A       2%          3
d - Frozen Ramparts       Ice            52%        1d7       6%          3
e - Swiftness             Air            17%        N/A       6%          3

Your spell library contained the following spells:

 Spells                   Type           Power      Damage    Failure   Level
 Beastly Appendage        Tmut           34%        N/A       1%          1
 Freeze                   Ice            100%       1d11      1%          1
 Pain                     Necr           68%        1d7       1%          1
 Shock                    Conj/Air       68%        1d7       1%          1
 Lesser Beckoning         Tloc           23%        N/A       2%          3
 Teleport Other           Tloc           23%        N/A       2%          3
 Sublimation of Blood     Necr           17%        N/A       3%          2
 Spider Form              Tmut/Pois      17%        N/A       6%          3
 Vampiric Draining        Necr           17%        2d7       6%          3
 Iskenderun's Mystic Bla  Conj/Tloc      20%        2d6       12%         4
 Airstrike                Air            8%         N/A       21%         4
 Fulminant Prism          Conj/Hex       8%         3d7       21%         4
 Hailstorm                Conj/Ice       26%        3d7       21%         4
 Manifold Assault         Tloc           23%        N/A       21%         5
 Lee's Rapid Deconstruct  Erth           8%         3d8*      50%         5
 Animate Skeleton         Necr           Unusable   N/A       N/A         1
 Summon Hydra             Summ           Unusable   N/A       N/A         7

Dungeon Overview and Level Annotations

Branches:
Dungeon (11/15)            Temple (1/1) D:5            Lair (0/6) D:9
    Orc (0/2) D:10          IceCv (1/1)

Altars:
Ashenzari
Cheibriados
Dithmenos
Elyvilon
Fedhas
Gozag
Hepliaklqana
Kikubaaqudgha
Makhleb
Nemelex Xobeh
Okawaru
Qazlal
Ru
Sif Muna
Trog
Uskayaw
Vehumet
Wu Jian
Xom
Yredelemnul
Zin
The Shining One

Shops:
D:4 [   D:5 =(!   D:9 :

Annotations:
D:9 3 runed translucent doors, exclusion: orange crystal statue


Innate Abilities, Weirdness & Mutations

You have very sharp teeth.
Your uncanny sense of smell can sniff out nearby items.
Your experience applies equally to all skills.


Message History

The polar bear barely misses you. The polar bear closely misses you.
The polar bear claws you but does no damage.
The polar bear barely misses you. x2; The polar bear claws you.
The polar bear goes berserk!
Unknown command.
You hit the polar bear.
You punch the polar bear, but do no damage.
The polar bear is almost dead.
The polar bear closely misses you.
The polar bear claws you but does no damage. x2
The polar bear bites you.
* * * LOW HITPOINT WARNING * * *
The polar bear misses you. The polar bear barely misses you.
You barely miss the polar bear. Your bite misses the polar bear.
The polar bear is almost dead.
The polar bear closely misses you. x2
The polar bear claws you but does no damage.
The polar bear bites you.
* * * LOW HITPOINT WARNING * * *
The polar bear claws you.
* * * LOW HITPOINT WARNING * * *
The polar bear claws you but does no damage.
The polar bear completely misses you.
The polar bear claws you but does no damage. x2
You hit the polar bear but do no damage.
You punch the polar bear.
The polar bear is almost dead.
The polar bear bites you but does no damage.
The polar bear claws you.
* * * LOW HITPOINT WARNING * * *
The polar bear closely misses you. The polar bear bites you.
* * * LOW HITPOINT WARNING * * *
The polar bear claws you but does no damage. x2
You barely miss the polar bear.
The polar bear is almost dead.
The polar bear completely misses you. The polar bear closely misses you.
The polar bear claws you but does no damage.
The polar bear closely misses you. The polar bear barely misses you.
The polar bear completely misses you. The polar bear bites you!
You die...

#####
#####...##
#∩.......#
#......#@.#
#....###hh#
#∩#.## YY##
##### .YY#
#.(## .(#
..# ...


You could see 2 polar bears and 4 yaks.

Vanquished Creatures
  A boulder beetle (D:8)
  A two-headed ogre (D:8)
  Psyche (D:9)
  2 kobold demonologists (D:9)
  2 rime drakes (D:11)
  Prince Ribbit (D:7)
  The ghost of dangdung the Changer, an amateur OpTm (D:4)
  2 shadows
  2 wyverns
  3 yaks (D:9)
  A wraith (D:8)
  A steam dragon (D:8)
  2 water moccasins
  2 acid dragons (D:9)
  5 ice beasts
  7 orc warriors
  A sky beast (D:5)
  A black bear (D:7)
  A necrophage (D:8)
  An ogre (D:5)
  6 centaurs
  A kobold brigand (D:9)
  2 phantoms
  2 bullfrogs (D:9)
  A gnoll sergeant (D:8)
  7 scorpions
  2 water moccasin skeletons
  4 killer bees (D:7)
  11 wights
  7 howler monkeys
  An electric eel (D:9)
  A centaur zombie (D:8)
  2 bullfrog zombies
  2 bullfrog skeletons
  2 hounds
  3 centaur skeletons
  3 orc priests (D:8)
  3 gnoll shamans
  A scorpion zombie (D:5)
  3 iguanas
  7 orc wizards
  2 hound skeletons (D:5)
  3 howler monkey zombies
  A river rat (D:6)
  3 adders
  24 gnolls
  2 shadow imps
  4 white imps
  3 ufetubi
  2 dart slugs
  17 orcs
  6 ball pythons
  7 endoplasms
  5 giant cockroaches
  12 goblins
  5 hobgoblins
  7 jackals
  7 kobolds
  3 quokkas
  6 bats
  4 frilled lizards
  4 rats
  A spectral kobold (D:5)
  A butterfly (D:8)
238 creatures vanquished.

Vanquished Creatures (others)
  A fungus (D:9)
  6 plants
  4 toadstools (D:10)
11 creatures vanquished.

Grand Total: 249 creatures vanquished

Notes
Turn   | Place    | Note
-------+----------+-------------------------------------------
     0 | D:1      | Ablot the Gnoll Warper began the quest for the Orb.
     0 | D:1      | Reached XP level 1. HP: 20/20 MP: 6/6
   275 | D:1      | Reached XP level 2. HP: 26/26 MP: 7/7
   293 | D:1      | Learned a level 2 spell: Blink
   580 | D:1      | Reached XP level 3. HP: 29/31 MP: 9/9
   605 | D:1      | Reached skill level 5 in Spellcasting
   712 | D:1      | Found a faded altar of an unknown god.
  1094 | D:2      | Reached skill level 1 in Invocations
  1508 | D:2      | Reached skill level 1 in Short Blades
  1508 | D:2      | Reached skill level 1 in Long Blades
  1508 | D:2      | Reached skill level 1 in Axes
  1508 | D:2      | Reached skill level 1 in Maces & Flails
  1508 | D:2      | Reached skill level 1 in Staves
  1508 | D:2      | Reached skill level 1 in Slings
  1508 | D:2      | Reached skill level 1 in Bows
  1508 | D:2      | Reached skill level 1 in Crossbows
  1508 | D:2      | Reached skill level 1 in Stealth
  1508 | D:2      | Reached skill level 1 in Shields
  1508 | D:2      | Reached skill level 1 in Unarmed Combat
  1508 | D:2      | Reached skill level 1 in Evocations
  2141 | D:2      | Reached XP level 4. HP: 38/38 MP: 11/11
  2650 | D:3      | Identified the +1 pair of boots of Adiodorgh {rPois rF+
                  | Dex-4 SInv}
  2835 | D:3      | Reached skill level 1 in Conjurations
  2835 | D:3      | Reached skill level 1 in Hexes
  2835 | D:3      | Reached skill level 1 in Summonings
  2835 | D:3      | Reached skill level 1 in Necromancy
  2835 | D:3      | Reached skill level 1 in Transmutations
  2835 | D:3      | Reached skill level 1 in Fire Magic
  2835 | D:3      | Reached skill level 1 in Ice Magic
  2835 | D:3      | Reached skill level 1 in Air Magic
  2835 | D:3      | Reached skill level 1 in Earth Magic
  2835 | D:3      | Reached skill level 1 in Poison Magic
  2851 | D:3      | Reached XP level 5. HP: 21/43 MP: 12/12
  3495 | D:4      | Found Taulal's Armour Shop.
  3614 | D:4      | Found a transporter.
  3625 | D:4      | Reached XP level 6. HP: 15/50 MP: 11/13
  3846 | D:4      | Noticed dangdung's ghost (amateur OpTm)
  4156 | D:4      | Reached skill level 5 in Fighting
  4156 | D:4      | Reached skill level 5 in Polearms
  4156 | D:4      | Reached skill level 5 in Dodging
  4290 | D:4      | Found a glowing silver altar of Zin.
  4317 | D:4      | Found a transporter.
  4450 | D:5      | Entered Level 5 of the Dungeon
  4471 | D:5      | Learned a level 2 spell: Wereblood
  4551 | D:5      | Noticed an ice beast
  4565 | D:5      | Killed an ice beast
  4566 | D:5      | Reached XP level 7. HP: 37/56 MP: 15/15
  4717 | D:5      | Found Zijetyto's Jewellery Shoppe.
  5338 | D:5      | Found a hazy altar of Hepliaklqana.
  5427 | D:5      | Found Qoeriyg's Weapon Shop.
  5521 | D:5      | Found Ugremot's Distillery.
  5530 | D:5      | Bought a potion of curing for 33 gold pieces
  5530 | D:5      | Bought a potion of heal wounds for 55 gold pieces
  5530 | D:5      | Bought a potion of might for 44 gold pieces
  5572 | D:5      | Reached XP level 8. HP: 36/63 MP: 16/16
  5734 | D:5      | Found a staircase to the Ecumenical Temple.
  5740 | Temple   | Entered the Ecumenical Temple
  5812 | Temple   | Became a worshipper of Warmaster Okawaru
  6427 | D:5      | Found a shimmering altar of Xom.
  6496 | D:6      | Reached skill level 6 in Spellcasting
  7363 | D:6      | Reached * piety under Okawaru
  7612 | D:5      | Reached XP level 9. HP: 51/69 MP: 18/18
  9321 | D:7      | Reached skill level 5 in Throwing
  9321 | D:7      | Reached skill level 5 in Armour
  9759 | D:7      | Noticed Prince Ribbit
  9801 | D:7      | Killed Prince Ribbit
 10090 | D:8      | Reached skill level 5 in Invocations
 10418 | D:7      | HP: 2/65 [wight/+0 falchion (3)]
 10952 | D:7      | Reached ** piety under Okawaru
 11409 | D:8      | Found a broken altar of Ashenzari.
 11619 | D:8      | Reached skill level 7 in Spellcasting
 11679 | D:8      | Reached XP level 10. HP: 54/72 MP: 20/20
 11939 | D:8      | Found a runed translucent door.
 12050 | D:8      | Found a runed translucent door.
 12378 | D:8      | Found a white marble altar of Elyvilon.
 12382 | D:8      | Noticed a two-headed ogre
 12401 | D:8      | Killed a two-headed ogre
 12402 | D:8      | Reached skill level 5 in Short Blades
 12402 | D:8      | Reached skill level 5 in Long Blades
 12402 | D:8      | Reached skill level 5 in Axes
 12402 | D:8      | Reached skill level 5 in Maces & Flails
 12402 | D:8      | Reached skill level 5 in Staves
 12402 | D:8      | Reached skill level 5 in Slings
 12402 | D:8      | Reached skill level 5 in Bows
 12402 | D:8      | Reached skill level 5 in Crossbows
 12402 | D:8      | Reached skill level 5 in Stealth
 12402 | D:8      | Reached skill level 5 in Shields
 12402 | D:8      | Reached skill level 5 in Unarmed Combat
 12402 | D:8      | Reached skill level 5 in Evocations
 12407 | D:8      | Noticed a boulder beetle
 12431 | D:8      | Killed a boulder beetle
 12431 | D:8      | Reached *** piety under Okawaru
 13889 | D:9      | Reached **** piety under Okawaru
 13906 | D:9      | Noticed a kobold demonologist
 14080 | D:9      | Found a sparkling altar of Nemelex Xobeh.
 14200 | D:9      | Received a gift from Okawaru
 14354 | D:9      | Found a blossoming altar of Fedhas.
 14396 | D:9      | Found Gutauh's Book Boutique.
 14401 | D:9      | Found a staircase to the Lair.
 14427 | D:9      | Learned a level 3 spell: Gell's Gravitas
 14433 | D:9      | Learned a level 3 spell: Frozen Ramparts
 14437 | D:9      | Learned a level 3 spell: Swiftness
 15020 | D:9      | Found a runed translucent door.
 15020 | D:9      | Noticed Psyche
 15036 | D:9      | Found a runed translucent door.
 15070 | D:9      | Reached XP level 11. HP: 62/84 MP: 19/22
 15419 | D:9      | Found a runed translucent door.
 15432 | D:9      | Found a runed translucent door.
 15439 | D:9      | Noticed an orange crystal statue
 15447 | D:9      | Killed Psyche
 15448 | D:9      | Reached skill level 5 in Conjurations
 15448 | D:9      | Reached skill level 5 in Hexes
 15448 | D:9      | Reached skill level 5 in Summonings
 15448 | D:9      | Reached skill level 5 in Necromancy
 15448 | D:9      | Reached skill level 5 in Transmutations
 15448 | D:9      | Reached skill level 5 in Fire Magic
 15448 | D:9      | Reached skill level 5 in Ice Magic
 15448 | D:9      | Reached skill level 5 in Air Magic
 15448 | D:9      | Reached skill level 5 in Earth Magic
 15448 | D:9      | Reached skill level 5 in Poison Magic
 15715 | D:4      | Killed dangdung's ghost
 16017 | D:10     | Entered Level 10 of the Dungeon
 16081 | D:9      | Reached skill level 8 in Spellcasting
 17092 | D:10     | Found an opulent altar of Gozag.
 17218 | D:10     | Found a staircase to the Orcish Mines.
 17755 | D:11     | Found a frozen archway.
 17782 | D:11     | Received a gift from Okawaru
 17806 | IceCv    | Entered an ice cave
 17955 | IceCv    | Slain by a polar bear

Illustrated notes

Levels and vault maps discovered:
D:1:      matt_arrival_diagonals, layout_basic, chequers_ecumenical_altar_simple
D:2:      minmay_evil_eye, layout_basic
D:3:      layout_basic, chequers_serial_rivers_small_a, grunt_ministairs_5,
          minivault_27, kennysheep_doodads, st_stairs_4
D:4:      layout_basic, zin_statuary, serial_shops, nicolae_shop_waterfront,
          gammafunk_ghost_mausoleum
D:5:      layout_basic, nicolae_hepliaklqana_monster_ancestors,
          lemuel_tele_altar, minmay_temple_entry_overgrown, serial_shops, shop,
          nicolae_shop_bloodbath_and_beyond, nicolae_diamond_shop
D:6:      layout_cave_pools, nicolae_concentric_dashed_squares_wild,
          chequers_serial_rivers_micro_c
D:7:      layout_basic, uniq_prince_ribbit1
D:8:      lemuel_insect_pit, layout_loops_ring, elyvilon_altar_3,
          mainiacjoe_overflow_chevrons
D:9:      layout_loops_ring, nemelex_spade_bored_becter, fedhas_altar_3,
          lair_entry_dummy, serial_shops, nicolae_shop_stone,
          serial_bayou_pond_b, st_stairs_4, minmay_statue_crystal_thing,
          uniq_psyche
D:10:     layout_irregular_city, mainiacjoe_overflow_surrounded_room,
          david_orc_2, enter_bailey_1, minmay_gold_behind_fungi
D:11:     layout_roguey, portal_ice_cave_rime, corexii_hall_statues_i
Temple:   jpeg_temple_clearing
IceCv:    ice_cave_caverns_03

Skill      XL: |  1  2  3  4  5  6  7  8  9 10 11 |
---------------+----------------------------------+-----
Spellcasting   | 5 6 7 8 |  8.1
Invocations    | 1 2 3 4 5 6 |  6.9
Short Blades   | 1 2 3 4 5 6 |  6.3
Long Blades    | 1 2 3 4 5 6 |  6.3
Axes           | 1 2 3 4 5 6 |  6.3
Maces & Flails | 1 2 3 4 5 6 |  6.3
Staves         | 1 2 3 4 5 6 |  6.3
Slings         | 1 2 3 4 5 6 |  6.3
Bows           | 1 2 3 4 5 6 |  6.3
Crossbows      | 1 2 3 4 5 6 |  6.3
Stealth        | 1 2 3 4 5 6 |  6.3
Shields        | 1 2 3 4 5 6 |  6.3
Unarmed Combat | 1 2 3 4 5 6 |  6.3
Evocations     | 1 2 3 4 5 6 |  6.3
Conjurations   | 1 2 3 4 5 |  5.2
Hexes          | 1 2 3 4 5 |  5.2
Summonings     | 1 2 3 4 5 |  5.2
Necromancy     | 1 2 3 4 5 |  5.2
Transmutations | 1 2 3 4 5 |  5.2
Fire Magic     | 1 2 3 4 5 |  5.2
Ice Magic      | 1 2 3 4 5 |  5.2
Air Magic      | 1 2 3 4 5 |  5.2
Earth Magic    | 1 2 3 4 5 |  5.2
Poison Magic   | 1 2 3 4 5 |  5.2
Throwing       | 3 4 5 6 |  6.9
Armour         | 3 4 5 6 |  6.9
Fighting       | 5 6 7 |  7.9
Polearms       | 5 6 7 |  7.9
Dodging        | 5 6 7 |  7.9
Translocations | 6 7 |  7.7

Action                   |  1- 3 |  4- 6 |  7- 9 | 10-12 || total
-------------------------+-------+-------+-------+-------++-------
Melee: Spear             |    24 |       |       |       ||    24
       Trident           |    90 |   178 |   446 |       ||   714
       Bite              |     3 |     8 |    43 |    36 ||    90
       Punch             |     1 |     2 |    20 |     9 ||    32
       Scimitar          |       |       |    15 |   299 ||   314
Throw: Dart              |       |     7 |    49 |    24 ||    80
       Stone             |       |       |     5 |       ||     5
 Cast: Blink             |       |     1 |     5 |     1 ||     7
       Wereblood         |       |       |     1 |     4 ||     5
       Frozen Ramparts   |       |       |       |     3 ||     3
Invok: Heroism           |       |       |     2 |     1 ||     3
Evoke: Wand              |       |       |     2 |       ||     2
  Use: Potion            |       |       |     1 |     1 ||     2
       Scroll            |       |       |       |    11 ||    11
 Stab: Sleeping          |     1 |     1 |     4 |     2 ||     8
Armor: Leather armour    |    22 |    41 |   146 |   135 ||   344
       Skin              |       |       |     2 |       ||     2
Dodge: Dodged            |    42 |   114 |   296 |   251 ||   703
